 Dungeon Crawl Stone Soup version 0.24-a0-201-gf2055891f0 (webtiles) character file.

Game seed: 12789683725709725928

402 Orphidia the Magician (level 6, -6/41 HPs)
             Began as a Mummy Wizard on Mar 23, 2019.
             Was an Initiate of Sif Muna.
             Mangled by a killer bee (7 damage)
             ... on level 4 of the Dungeon.
             The game lasted 00:11:27 (5581 turns).

Orphidia the Magician (Mummy Wizard)                Turns: 5581, Time: 00:11:27

Health: -6/41      AC:  6    Str: 10    XL:     6   Next: 55%
Magic:  3/15       EV: 12    Int: 20    God:    Sif Muna [......]
Gold:   176        SH:  0    Dex: 10    Spells: 8/17 levels left

rFire    x . .     SeeInvis .   c - +0 dagger
rCold    + . .     Gourm    .   (no shield)
rNeg     + + +     Faith    .   a - +0 robe
rPois    ∞         Spirit   .   i - +0 helmet
rElec    .         Reflect  .   f - +1 cloak
rCorr    .         Harm     .   (no gloves)
MR       .....                  h - +0 pair of boots
Stlth    ++........             (no amulet)
HPRegen  0.13/turn              (no ring)
MPRegen  0.14/turn              (no ring)

@: very slightly contaminated
A: no food or potions, fire vulnerability, cold resistance 1, negative energy
resistance 3, torment resistance, unbreathing
a: Renounce Religion


You were on level 4 of the Dungeon.
You worshipped Sif Muna.
Sif Muna was noncommittal.
You were not hungry.

You visited 1 branch of the dungeon, and saw 5 of its levels.

You collected 176 gold pieces.


Innate Abilities, Weirdness & Mutations

You do not eat or drink.
Your flesh is vulnerable to fire.
You are immune to poison.
Your flesh is cold resistant. (rC+)
You are immune to negative energy. (rN+++)
You are immune to unholy pain and torment.
You can survive without breathing.


   Skills:
 - Level 1.5 Dodging
 - Level 1.5 Stealth
 - Level 6.0 Spellcasting
 + Level 4.7 Conjurations
 - Level 0.7 Summonings
   Level 0.7 Translocations


You had 8 spell levels left.
You knew the following spells:

 Your Spells              Type           Power        Failure   Level  Hunger
A - Magic Dart            Conj           ####         1%          1    N/A
B - Call Imp              Summ           #.......     12%         2    N/A
C - Conjure Flame         Conj/Fire      ###.....     12%         3    N/A
D - Mephitic Cloud        Conj/Pois/Air  ##......     17%         3    N/A

Your spell library contained the following spells:

 Spells                   Type           Power        Failure   Level  Hunger
 Blink                    Tloc           N/A          12%         2    N/A
 Slow                     Hex            #.......     16%         2    N/A

Action                   |  1- 3 |  4- 6 || total
-------------------------+-------+-------++-------
Melee: Dagger            |    29 |    23 ||    52
 Cast: Magic Dart        |   113 |   179 ||   292
       Call Imp          |     2 |     4 ||     6
       Mephitic Cloud    |       |     3 ||     3
  Use: Scroll            |     2 |     1 ||     3
 Stab: Sleeping          |     2 |       ||     2
Armor: Robe              |    11 |    37 ||    48
Dodge: Dodged            |    31 |    76 ||   107

Inventory:

Hand Weapons
 c - a +0 dagger (weapon)
Armour
 a - a +0 robe (worn)
 b - a +0 hat
 f - a +1 cloak (worn)
 h - a +0 pair of boots (worn)
 i - a +0 helmet (worn)
Scrolls
 d - 2 scrolls of teleportation
 e - 2 scrolls of remove curse
 g - 3 scrolls of identify

### ####.# #....#
#.##.# #.##.#
#.##.#
##########.##.#
####.......##.##y#
...'.......+..y○@#
####.......##.####
#
#.......##.########
#
#.......(#........#
#
#.....##.##.##.##.#
#
#.....#.........#.#
#
#.................#
#
#.....#..⌠...⌠..#.#
#
#.....#.........#.#


You could see 2 killer bees.

Vanquished Creatures
  A phantom (D:4)
  A killer bee (D:4)
  An orc priest (D:4)
  An orc wizard (D:4)
  Robin (D:3)
  7 adders
  An ooze (D:2)
  5 worms
  4 dart slugs
  4 leopard geckos
  4 orcs (D:3)
  3 giant cockroaches
  17 goblins
  9 hobgoblins
  7 jackals
  A quokka (D:2)
  A ball python (D:3)
  6 bats
  A jackal zombie (D:4)
  6 kobolds
  7 rats
88 creatures vanquished.

Vanquished Creatures (collateral kills)
  A hound (D:4)
1 creature vanquished.

Grand Total: 89 creatures vanquished

Levels and vault maps discovered:
D:1:      dpeg_arrival_three_same_balls, layout_basic, serial_bayou_pond_c
D:2:      layout_loops_ring, yredelemnul_altar_generic,
          gammafunk_temple_overflow_claw, first_ration, fedhas_altar_fruit_tree
D:3:      kennysheep_goblin_castle, layout_rooms, grunt_qazlal_clouds,
          nicolae_overflow_crystal_walls, led_sif_pool
D:4:      layout_basic, kennysheep_little_box, minmay_temple_entry_large_hall
D:5:      layout_loops_ring, kennysheep_mini, nicolae_overflow_hidden_temple


Message History

The stinking cloud engulfs you but does no damage.
The stinking cloud engulfs the killer bee but does no damage.
The killer bee stings you.
* * * LOW HITPOINT WARNING * * *
The killer bee is engulfed in noxious fumes.
The killer bee appears confused.
The killer bee barely misses the killer bee.
The killer bee barely misses itself.
The killer bee stings you.
* * * LOW HITPOINT WARNING * * *
Casting: Mephitic Cloud (safe; 17% risk of failure)
Confirm with . or Enter, or press ? or * to list all spells.
Aiming: Mephitic Cloud (safe; 17% risk of failure)
Press: ? - help, Shift-Dir - straight line, f - killer bee, p - killer bee
Aim: a killer bee You miscast Mephitic Cloud.
There is a short, sharp shower of sparks.
The killer bee closely misses you.
The killer bee is engulfed in noxious fumes.
The killer bee appears confused.
The killer bee stings you!
You die...

Notes
Turn   | Place    | Note
-------+----------+-------------------------------------------
     0 | D:1      | Orphidia the Mummy Wizard began the quest for the Orb.
     0 | D:1      | Reached XP level 1. HP: 13/13 MP: 5/5
   225 | D:1      | Reached XP level 2. HP: 17/19 MP: 1/7
   253 | D:1      | Learned a level 2 spell: Call Imp
   491 | D:1      | Reached skill level 1 in Conjurations
   641 | D:1      | Reached skill level 5 in Spellcasting
  1194 | D:2      | Found a basalt altar of Yredelemnul.
  1195 | D:2      | Reached XP level 3. HP: 24/24 MP: 9/9
  1777 | D:2      | Found a blossoming altar of Fedhas.
  1867 | D:2      | Found a glowing golden altar of the Shining One.
  1867 | D:2      | Found a white marble altar of Elyvilon.
  1868 | D:2      | Found a snail-covered altar of Cheibriados.
  2318 | D:2      | Reached XP level 4. HP: 28/30 MP: 11/11
  2337 | D:2      | Learned a level 3 spell: Conjure Flame
  2341 | D:2      | Learned a level 3 spell: Mephitic Cloud
  2795 | D:3      | Found a deep blue altar of Sif Muna.
  2867 | D:3      | Became a worshipper of Sif Muna the Loreminder
  3105 | D:3      | Found a stormy altar of Qazlal.
  3666 | D:3      | Reached skill level 6 in Spellcasting
  3692 | D:3      | Noticed Robin
  3706 | D:3      | Killed Robin
  3706 | D:3      | Reached XP level 5. HP: 35/35 MP: 1/13
  3888 | D:3      | Found a deep blue altar of Sif Muna.
  4533 | D:4      | Found a staircase to the Ecumenical Temple.
  4613 | D:4      | Found a radiant altar of Vehumet.
  4919 | D:4      | Noticed a phantom
  4950 | D:4      | Killed a phantom
  4950 | D:4      | Reached XP level 6. HP: 28/41 MP: 1/15
  5374 | D:5      | Entered Level 5 of the Dungeon
  5384 | D:5      | Noticed an ice beast
  5580 | D:4      | HP: 2/41 [killer bee (4)]
  5581 | D:4      | Mangled by a killer bee
